 Dungeon Crawl Stone Soup version 0.29.1-2-gbd0b4ee654 (webtiles) character file.

Game seed: 18361933178676927737

3 jamesblauser the Grave Robber (level 1, -3/14 HPs)
             Began as a Minotaur Necromancer on Nov 5, 2022.
             Slain by a kobold
             ... wielding a +0 dagger
              (4 damage)
             ... on level 1 of the Dungeon.
             The game lasted 00:01:03 (56 turns).

jamesblauser the Grave Robber (Minotaur Necromancer)  Turns: 56, Time: 00:01:03

Health: -3/14      AC:  2    Str: 12    XL:     1   Next: 41%
Magic:  1/1        EV: 12    Int: 12    God:
Gold:   0          SH:  0    Dex: 10    Spells: 1/2 levels left

rFire   . . .      SeeInvis .   (no weapon)
rCold   . . .      Faith    .   (no shield)
rNeg    . . .      Spirit   .   a - +0 robe
rPois   .          Reflect  .   (helmet restricted)
rElec   .          Harm     .   (no cloak)
rCorr   .          Rampage  .   (no gloves)
Will    .....                   (no boots)
Stlth   ++........              (no amulet)
HPRegen 0.04/turn               (no ring)
MPRegen 0.07/turn               (no ring)

@: no status effects
A: horns 2, retaliatory headbutt
a: no special abilities


You were on level 1 of the Dungeon.
You visited 1 branch of the dungeon, and saw 1 of its levels.

Inventory:

Armour
 a - a +0 robe (worn)
Potions
 b - a potion of magic


   Skills:
 + Level 2.1 Dodging
 + Level 1.6 Stealth
 + Level 1.4 Spellcasting
 + Level 3.0 Necromancy


You had one spell level left.
You knew the following spells:

 Your Spells              Type           Power      Damage    Failure   Level
a - Necrotise             Necr           32%        1d5       9%          1

Your spell library contained the following spells:

 Spells                   Type           Power      Damage    Failure   Level
 Vampiric Draining        Necr           8%         2d6       24%         3
 Animate Dead             Necr           8%         N/A       63%         4
 Agony                    Necr           8%         N/A       92%         5


Dungeon Overview and Level Annotations

Branches:
Dungeon (1/15)

Altars:


Innate Abilities, Weirdness & Mutations

You have a pair of horns on your head.
You reflexively headbutt those who attack you in melee.


Message History

Found a potion of magic.
You hit the bat but do no damage. You headbutt the bat.
You kill the bat!
A kobold comes into view. It is wielding a +0 dagger.
The endoplasm barely misses you.
You see here a bat corpse.
The kobold shouts!
The ball python hisses angrily.
The endoplasm closely misses you. The ball python bites you.
The ball python barely misses you. The ball python closely misses you.
The ball python grabs you. The ball python constricts you.
You escape the ball python's grasp.
The ball python attacks as you move away!
The ball python barely misses you. The endoplasm attacks as you move away!
The endoplasm hits you. The kobold hits you but does no damage.
The endoplasm attacks as you move away! The endoplasm hits you.
The ball python attacks as you move away!
The ball python completely misses you.
The ball python bites you but does no damage.
The ball python misses you. The kobold closely misses you.
You hit the endoplasm. You headbutt the endoplasm.
You kill the endoplasm!
The ball python bites you. The ball python closely misses you.
The kobold barely misses you. You furiously retaliate!
You headbutt the kobold, but do no damage.
The ball python bites you. The ball python barely misses you.
The ball python closely misses you. The ball python barely misses you.
The kobold hits you with a +0 dagger.
* * * LOW HITPOINT WARNING * * *
The ball python closely misses you. You furiously retaliate!
You headbutt the ball python.
You kill the ball python!
The kobold barely misses you. The kobold hits you with a +0 dagger.
* * * LOW HITPOINT WARNING * * *
The kobold hits you with a +0 dagger.
* * * LOW HITPOINT WARNING * * *
The kobold misses you. The kobold hits you with a +0 dagger.
You die...

#.............##
#........†.....+
####.[........##
#..........#
#..........#
#..........#
#........).#
#!...K†....#
#....@.....#
#..........#
############


You could see a kobold.

Vanquished Creatures
  An endoplasm (D:1)
  2 ball pythons (D:1)
  A bat (D:1)
4 creatures vanquished.

Notes
Turn   | Place    | Note
-------+----------+-------------------------------------------
     0 | D:1      | jamesblauser the Minotaur Necromancer began the quest for
                  | the Orb.
     0 | D:1      | Reached XP level 1. HP: 14/14 MP: 1/1
    32 | D:1      | Reached skill level 3 in Necromancy
    56 | D:1      | Slain by a kobold

Illustrated notes

Levels and vault maps discovered:
D:1:      kennysheep_arrival_forest, layout_basic

Skill      XL: |  1 |
---------------+----+-----
Necromancy     | 3 |  3.0
Dodging        | |  2.1
Stealth        | |  1.6
Spellcasting   | |  1.4

Action                   || total
-------------------------++-------
Melee: Unarmed           ||     2
       Headbutt          ||     2
 Cast: Necrotise         ||     1
Armor: Robe              ||     3
Dodge: Dodged            ||    18
